 Dungeon Crawl Stone Soup version 0.28.0-49-g6dfe1f597d (webtiles) character file.

Game seed: 14327703458630546471

170 Atelerd the Digger (level 5, 0/31 HPs)
             Began as an Octopode Earth Elementalist on May 11, 2022.
             Slain by a river rat (2 damage)
             ... on level 4 of the Dungeon.
             The game lasted 00:05:50 (3249 turns).

Atelerd the Digger (Octopode Earth Elementalist)    Turns: 3249, Time: 00:05:51

Health: 0/31       AC:  1    Str:  7    XL:     5   Next: 50%
Magic:  4/9        EV: 13    Int: 20    God:
Gold:   89         SH:  0    Dex: 12    Spells: 5/10 levels left

rFire   . . .      SeeInvis .   i - +2 dagger (venom)
rCold   . . .      Faith    .   (no shield)
rNeg    . . .      Spirit   .   (helmet restricted)
rPois   .          Reflect  .   (no amulet)
rElec   .          Harm     .   (no ring)
rCorr   .          Rampage  .   (no ring)
Will    .....                   (no ring)
Stlth   +++.......              (no ring)
HPRegen 0.10/turn               (no ring)
MPRegen 0.11/turn               (no ring)
                                (no ring)
                                (no ring)

@: no status effects
A: almost no armour, amphibious, 8 rings, camouflage 1, gelatinous body 1,
(nimble swimmer 1), tentacles
a: no special abilities


You were on level 4 of the Dungeon.
You visited 1 branch of the dungeon, and saw 4 of its levels.

You collected 89 gold pieces.

Inventory:

Hand Weapons
 a - a +0 dagger
 i - a +2 dagger of venom (weapon)
Missiles
 b - 19 stones
Wands
 h - a wand of flame (21)
Scrolls
 d - a scroll of amnesia {unknown}
 e - a scroll of enchant weapon
 g - a scroll of torment
Potions
 c - 2 potions of haste {unknown}
 f - 2 potions of curing


   Skills:
 - Level 2.0 Dodging
 * Level 3.7 Stealth
 + Level 3.1 Spellcasting
 + Level 2.8 Transmutations
 + Level 4.1 Earth Magic


You had 5 spell levels left.
You knew the following spells:

 Your Spells              Type           Power      Damage    Failure   Level
a - Sandblast             Erth           38%        2d10      2%          1
p - Petrify               Tmut/Erth      17%        N/A       32%         4

Your spell library contained the following spells:

 Spells                   Type           Power      Damage    Failure   Level
 Passwall                 Tmut/Erth      14%        N/A       4%          2
 Apportation              Tloc           6%         N/A       14%         1
 Stone Arrow              Conj/Erth      22%        3d8       19%         3
 Sublimation of Blood     Necr           3%         N/A       22%         2
 Alistair's Intoxication  Tmut/Pois      5%         N/A       91%         5
 Irradiate                Conj/Tmut      4%         3d15      91%         5


Dungeon Overview and Level Annotations

Branches:
Dungeon (4/15)             Temple (0/1) D:4

Altars:
Dithmenos
Hepliaklqana
Nemelex Xobeh
Qazlal
Vehumet
Zin

Shops:
D:1 =

Portals:
Sewer: D:4

Annotations:
D:3 Grinder


Innate Abilities, Weirdness & Mutations

You cannot wear most types of armour.
You are amphibious.
You can wear up to eight rings at the same time.
Your skin changes colour to match your surroundings (Stealth+).
Your rubbery body absorbs attacks. (AC +1, EV +1)
((You are camouflaged when in or above water. (Stealth+)))
You have tentacles for arms and can constrict up to eight enemies at once.


Message History

The adder hisses angrily.
You miscast Sandblast.
You are very lightly contaminated with residual magic.
Nothing appears to happen.
The adder closely misses you.
The blast of sand misses the adder.
The rat closely misses you. The adder misses you.
You hit the rat but do no damage.
The rat is poisoned.
You grab the rat. You constrict the rat.
You kill the rat!
The adder bites you.
You are poisoned.
The adder poisons you!
The blast of sand hits the adder but does no damage.
You feel sick. The adder misses you. The adder bites you.
The blast of sand misses the adder.
You feel sick. The adder bites you.
Casting: Sandblast (safe; 2% risk of failure)
Confirm with . or Enter, or press ? or * to list all spells.
Aiming: Sandblast (safe; 2% risk of failure)
Press: ? - help, Shift-Dir - straight line, f/p - adder
Aim: an adder (66% to hit)
The blast of sand hits the adder!
You kill the adder!
You feel sick.
Unknown command.
You feel sick.
You are no longer poisoned.
Your magical contamination has completely faded away.
You open the large door. 3 river rats come into view.
Found a glowing drain.
A river rat and a rat come into view.
There is a large open door here.
The river rat bites you!
* * * LOW HITPOINT WARNING * * *
The river rat barely misses you. x2; The rat barely misses you.
The river rat misses you. The river rat bites you.
* * * LOW HITPOINT WARNING * * *
There is a glowing drain here.
The river rat bites you.
You die...

.# ##.## .#
#..########
.#
#.........#
.#
#....†.≈.≈#
.#
#....†≈≈≈≈#
.#
#...≈≈≈≈≈≈#
.#
#....≈#####
.#
##..≈≈#≈rr#
##
#.≈≈≈Br@≈#
#.≈.≈'rr≈#
##########


You could see 4 river rats, a giant cockroach and a rat.

Vanquished Creatures
  An orc priest (D:3)
  A jelly (D:4)
  An iguana (D:4)
  2 gnolls (D:2)
  An adder (D:4)
  An ufetubus (D:4)
  2 adder skeletons (D:4)
  A worm (D:2)
  A dart slug (D:1)
  An orc (D:3)
  5 ball pythons
  3 endoplasms
  2 giant cockroaches (D:1)
  A hobgoblin (D:1)
  5 kobolds
  5 quokkas
  A bat (D:1)
  A frilled lizard (D:4)
  5 goblins
  4 rats
44 creatures vanquished.

Vanquished Creatures (others)
  34 plants
34 creatures vanquished.

Grand Total: 78 creatures vanquished

Notes
Turn   | Place    | Note
-------+----------+-------------------------------------------
     0 | D:1      | Atelerd the Octopode Earth Elementalist began the quest for
                  | the Orb.
     0 | D:1      | Reached XP level 1. HP: 11/11 MP: 3/3
   681 | D:1      | Reached XP level 2. HP: 8/17 MP: 3/5
  1099 | D:1      | Found a faded altar of an unknown god.
  1952 | D:1      | Found Asmanit's Jewellery Shop.
  2014 | D:2      | Reached XP level 3. HP: 21/21 MP: 4/6
  2359 | D:3      | Found a radiant altar of Vehumet.
  2455 | D:3      | Found a stormy altar of Qazlal.
  2490 | D:3      | Found a sparkling altar of Nemelex Xobeh.
  2538 | D:3      | Found a shadowy altar of Dithmenos.
  2621 | D:3      | Noticed Grinder
  2631 | D:3      | Reached XP level 4. HP: 7/27 MP: 1/8
  2753 | D:4      | Learned a level 4 spell: Petrify
  2759 | D:4      | Found a staircase to the Ecumenical Temple.
  2884 | D:4      | Found a glowing silver altar of Zin.
  2885 | D:4      | Found a hazy altar of Hepliaklqana.
  2937 | D:4      | Reached skill level 4 in Earth Magic
  2937 | D:4      | Reached XP level 5. HP: 28/31 MP: 6/9
  3245 | D:4      | Found a glowing drain.
  3249 | D:4      | Slain by a river rat

Illustrated notes

Levels and vault maps discovered:
D:1:      tarquinn_simple_flora_water_c, layout_loops_ring, serial_shops,
          nicolae_shop_waterfront, shapermc_ecumenical_altar_starsandcircs
D:2:      layout_rooms, serial_glass, glass_columns_b, glass_columns_c,
          glass_columns_a, serial_bayou_pond_e, minmay_misc_feat_four_crosses,
          hangedman_decor_growths
D:3:      layout_loops_cross, vehumet_altar_wand_db, lemuel_tele_altar,
          mainiacjoe_overflow_big_doors, serial_shops, shop,
          serial_park_tiny_pond, minivault_26, guppyfry_early_lair_pool,
          uniq_grinder
D:4:      layout_basic, gammafunk_temple_overflow_pools,
          minmay_temple_entry_junction, serial_bayou, serial_bayou_lagoon_b,
          serial_bayou_pond_d, serial_bayou_pond_a, serial_bayou_lagoon_a,
          portal_sewer_entry_e

Skill      XL: |  1  2  3  4 |
---------------+-------------+-----
Transmutations | 2 |  2.8
Spellcasting   | 3 |  3.1
Stealth        | 3 |  3.7
Earth Magic    | 4 |  4.1
Dodging        | |  2.0

Action                   |  1- 3 |  4- 6 || total
-------------------------+-------+-------++-------
Melee: Dagger            |    50 |    14 ||    64
       Constrict         |     9 |     4 ||    13
       Tentacles         |    12 |     4 ||    16
       Punch             |       |     1 ||     1
 Cast: Sandblast         |    26 |    19 ||    45
  Use: Scroll            |       |     4 ||     4
 Stab: Sleeping          |     5 |     3 ||     8
Armor: Skin              |     7 |     1 ||     8
Dodge: Dodged            |    41 |    23 ||    64
